 Dungeon Crawl Stone Soup version 0.31-a0-198-g2ad674f65e (webtiles) character file.

Game seed: 8902495446834932709

68 qw the Shooter (level 4, -6/25 HPs)
             Began as a Deep Elf Hunter on June 25, 2023.
             Succumbed to a scorpion's poison
             ... on level 3 of the Dungeon.
             The game lasted 00:00:38 (2060 turns).

qw the Shooter (Deep Elf Hunter)                    Turns: 2060, Time: 00:00:39

Health: -6/25      AC:  6    Str:  9 (10) XL:     4   Next: 1%
Magic:  6/6        EV:  8    Int: 13 (14) God:
Gold:   89         SH:  0    Dex: 16 (18) Spells: 3/3 levels left

rFire   . . .        Y - +0 shortbow
rCold   . . .        (shield currently unavailable)
rNeg    . . .        e - +0 scale mail
rPois   .            (no helmet)
rElec   .            (no cloak)
rCorr   .            (no gloves)
SInv    .            (no boots)
Will    .....        (no amulet) Stlth
                     (no ring)
HPRegen 0.24/turn    (no ring)
MPRegen 0.10/turn

%: no passive effects
@: lethally poisoned (-6 -> -31)
A: no striking features
a: no special abilities


You were on level 3 of the Dungeon.
You visited 1 branch of the dungeon, and saw 3 of its levels.

You collected 126 gold pieces.
You spent 37 gold pieces at shops.


   Skills:
 - Level 1.5 Fighting
 + Level 7.4 Ranged Weapons
 - Level 2.4 Dodging
 - Level 1.2 Stealth


You had 3 spell levels left.
You didn't know any spells.
Your spell library was empty.

Inventory:

Hand Weapons
 Y - a +0 shortbow (weapon)
Armour
 e - a +0 scale mail (worn)
Scrolls
 a - a scroll of identify
 b - 2 scrolls of revelation {unknown}
 h - a scroll of acquirement {unknown}
Potions
 c - a potion of invisibility {unknown}
 d - a potion of haste {unknown}
 f - a potion of enlightenment {unknown}
 g - a potion of magic {unknown}

Dungeon Overview and Level Annotations

Branches:
Dungeon (3/15)

Altars:

Shops:
D:1 *[(


Message History

A scorpion comes into view.
There is a stone staircase leading down here.
Enter note:
Enter note:
Enter note:
Enter note: You shoot an arrow.
The arrow hits the scorpion but does no damage.
A scorpion is nearby!
Enter note:
Enter note:
Enter note:
Enter note: You shoot an arrow.
The arrow hits the scorpion!
The scorpion is heavily wounded.
You shoot an arrow.
The arrow completely misses the scorpion.
The scorpion stings you.
You shoot an arrow. The arrow barely misses the scorpion.
The scorpion stings you. x2
You shoot an arrow. The arrow closely misses the scorpion.
The scorpion stings you.
You are poisoned.
The scorpion poisons you!
You shoot an arrow.
The arrow hits the scorpion but does no damage.
The scorpion is moderately wounded.
You feel very sick. The scorpion barely misses you. The scorpion stings you.
You are lethally poisoned!
The scorpion poisons you!
You shoot an arrow. The arrow hits the scorpion.
The scorpion is severely wounded.
You feel very sick.
The scorpion stings you but does no damage.
The scorpion stings you.
You are more poisoned.
The scorpion poisons you!
You shoot an arrow. The arrow barely misses the scorpion.
You die...

.... ......#..##..## #
#...........##..#...###
#..... ####............
#[.)!.### ###.#####...#
#.......#####..# #..#
#..........##..#####...
##.......##.......).....
.......#...##...........
#s@>#............#.
?......#....#...[.....#
######.##.............#
#. ##..#...>.....# #.
.............# #.
...#..........# #.
.####.#. #. ..


You could see a scorpion.

Vanquished Creatures
  2 adders
  2 worms
  2 dart slugs
  An orc (D:3)
  6 ball pythons
  4 endoplasms
  A goblin (D:2)
  2 hobgoblins (D:2)
  3 jackals (D:2)
  4 quokkas
  6 bats
  2 frilled lizards
  A kobold (D:1)
  3 rats
39 creatures vanquished.

Notes
Turn   | Place    | Note
-------+----------+-------------------------------------------
     0 | D:1      | qw the Deep Elf Hunter began the quest for the Orb.
     0 | D:1      | Reached XP level 1. HP: 12/12 MP: 3/3
     0 | D:1      | 0 ||| qw: Version: 0.3-a-22-g0ed2b0b
     0 | D:1      | 0 ||| qw: Game counter: 5075
     0 | D:1      | 0 ||| qw: Melee chars always use a shield: true
     0 | D:1      | 0 ||| qw: God list: Okawaru
     0 | D:1      | 0 ||| qw: Allow faded altars: false
     0 | D:1      | 0 ||| qw: Do Orc after clearing Dungeon:15 true
     0 | D:1      | 0 ||| qw: Do second Lair branch before Depths: true
     0 | D:1      | 0 ||| qw: Lair rune preference: random
     0 | D:1      | 0 ||| qw: Goals: Normal
     0 | D:1      | 0 ||| PLANNING D:1-11
   101 | D:1      | Reached XP level 2. HP: 16/16 MP: 4/4
   116 | D:1      | Reached skill level 6 in Ranged Weapons
   266 | D:1      | Found Deicki's Antique Weapon Shoppe.
   380 | D:1      | Found a faded altar of an unknown god.
   381 | D:1      | Found Zyseb's Armour Emporium.
   390 | D:1      | 390 ||| SHOPLISTING +1 helmet "Foell" {rPois rCorr Str-2
                  | Stlth+} (298 gold, have 46).
   390 | D:1      | 390 ||| SHOPLISTING +1 leather armour of poison resistance
                  | (132 gold, have 46).
   390 | D:1      | 390 ||| SHOPLISTING +3 leather armour of the Evening {rPois
                  | rC- Will+++ rCorr} (657 gold, have 46).
   778 | D:1      | Found Sarazy's Assorted Antiques.
   788 | D:1      | 788 ||| BUYING 2 silvery potions (37 gold).
   788 | D:1      | Bought 2 silvery potions for 37 gold pieces
   788 | D:1      | 788 ||| SHOPLISTING murky dark potion (18 gold, have 9).
   788 | D:1      | 788 ||| SHOPLISTING ring mail (84 gold, have 9).
   788 | D:1      | 788 ||| SHOPLISTING scroll labelled KOXYTA HILUI (21 gold,
                  | have 9).
   788 | D:1      | 788 ||| SHOPLISTING scroll labelled TUIDAU PETHREIS (21
                  | gold, have 9).
   788 | D:1      | 788 ||| SHOPLISTING sedimented grey potion (18 gold, have
                  | 9).
   788 | D:1      | 788 ||| UPGRADING to +0 scale mail.
   798 | D:1      | 798 ||| DROPPING +0 leather armour.
   799 | D:1      | 799 ||| READING 2 scrolls labelled GORGHU EJ HE FEN.
   800 | D:1      | 800 ||| READING scroll labelled WAEKOTW QOPOCU.
   801 | D:1      | 801 ||| DRINKING 2 silvery potions.
   802 | D:1      | 802 ||| DROPPING scroll of amnesia.
   803 | D:1      | 803 ||| DROPPING scroll of butterflies.
   804 | D:1      | 804 ||| DROPPING potion of degeneration.
  1165 | D:2      | Reached XP level 3. HP: 17/20 MP: 5/5
  1357 | D:2      | Reached skill level 7 in Ranged Weapons
  1854 | D:2      | 1854 ||| READING 2 scrolls labelled TUIDAU PETHREIS.
  1855 | D:2      | 1855 ||| DRINKING 2 smoky amethyst potions.
  1856 | D:2      | 1856 ||| DROPPING potion of attraction.
  1963 | D:3      | HP: 5/20 [adder (1)]
  2042 | D:3      | Reached XP level 4. HP: 25/25 MP: 6/6
  2051 | D:3      | Noticed a scorpion
  2059 | D:3      | HP: 4/25 [poisoned by a scorpion]
  2060 | D:3      | Succumbed to a scorpion's poison

Levels and vault maps discovered:
D:1:      minmay_arrival_shoal_huts, layout_loops_ring,
          ebering_ecumenical_altar_ruins, serial_shops, nicolae_lakefront_shop,
          shop, nicolae_shop_peninsula, nicolae_concentric_dashed_squares_mild
D:2:      layout_basic
D:3:      layout_rooms, general_overflow_altar, lemuel_coloured_pillars_altar,
          lemuel_doored_altar

Skill      XL: |  1  2  3 |
---------------+----------+-----
Ranged Weapons | 6 7 |  7.4
Fighting       | |  1.5
Dodging        | |  2.4
Stealth        | |  1.2

Action                     |  1- 3 |  4- 6 || total
---------------------------+-------+-------++-------
   Fire: Shortbow          |   119 |     8 ||   127
    Use: Scroll            |     3 |       ||     3
         Potion            |     2 |       ||     2
 Armour: Leather armour    |     4 |       ||     4
         Scale mail        |    47 |     1 ||    48
  Dodge: Dodged            |    44 |     1 ||    45

Table legend:
 A = Non-vault XP
 B = Vault XP
 C = Vault XP percentage of total XP
 D = Non-vault monster count
 E = Vault monster count
 F = Vault count percentage of total count
                 A         B        C        D         E       F
            +---------+---------+-------+---------+---------+-------
      Total |      98 |       0 |   0.0 |      39 |       0 |   0.0
            +---------+---------+-------+---------+---------+-------
        D:1 |      24 |       0 |   0.0 |      14 |       0 |   0.0
        D:2 |      52 |       0 |   0.0 |      21 |       0 |   0.0
        D:3 |      22 |       0 |   0.0 |       4 |       0 |   0.0
            +---------+---------+-------+---------+---------+-------
